 Dungeon Crawl Stone Soup version 0.30-a0-394-g3e4acdb0ae (webtiles) character file.

Game seed: 5803103499210901230

7329 ratemal the Destroyer (level 10, -2/132 HPs)
             Began as a Red Draconian Conjurer on Dec 5, 2022.
             Was a Believer of Sif Muna.
             Slain by a vampire (9 damage)
             ... on level 10 of the Dungeon on Dec 6, 2022.
             The game lasted 01:12:01 (12665 turns).

ratemal the Destroyer (Red Draconian Conjurer)     Turns: 12665, Time: 01:12:02

Health: -2/132     AC: 25    Str:  9 (10) XL:     10   Next: 90%
Magic:  19/19      EV:  2    Int: 22 (23) God:    Sif Muna [**....]
Gold:   686        SH:  0    Dex:  8 (9)  Spells: 0/21 levels left

rFire   . . .      SeeInvis .    E - +3 quarterstaff (chaos)
rCold   . . .      Faith    .    (shield currently unavailable)
rNeg    . . .      Spirit   .    (body armour unavailable)
rPois   +          Reflect  .    (helmet currently unavailable)
rElec   .          Harm     .    (cloak currently unavailable)
rCorr   .          Rampage  .    (gloves currently unavailable)
Will    .....      NoTele   +    (boots currently unavailable)
Stlth   ++........               (no amulet)
HPRegen 0.42/turn                (no ring)
MPRegen 0.16/turn                (no ring)

@: short of breath, tree-form, marked, on blink cooldown
A: stationary, stasis, torment immunity, boosted hp, (breathe fire), AC +7,
unfitting armour, (fire resistance 1), (cold-blooded)
a: Renounce Religion, Channel Magic


You were on level 10 of the Dungeon.
You worshipped Sif Muna.
Sif Muna was pleased with you.
You were a tree.
You visited 2 branches of the dungeon, and saw 11 of its levels.

You collected 686 gold pieces.

Inventory:

Hand Weapons
 f - a +1 mace of protection
 E - a +3 quarterstaff of chaos (weapon)
Missiles
 I - a throwing net
Armour
 p - a +0 pair of boots (melded)
 v - a +0 cloak
 G - a +0 pair of gloves (melded)
 J - a scarf of repulsion (melded)
Jewellery
 i - an amulet of guardian spirit
 q - the ring "Zilos" {rN++ EV+4 Int-3}
   (You found it on level 2 of the Dungeon)

   [ring of evasion]

   EV:        It affects your evasion (+4).
   Int:       It affects your intelligence (-3).
   rN:        It greatly protects you from negative energy.
 r - a ring of wizardry
Wands
 n - a wand of roots (14)
 s - a wand of quicksilver (13)
 u - a wand of charming (20)
 F - a wand of flame (26)
Scrolls
 b - 2 scrolls of immolation
 c - 4 scrolls of vulnerability
 h - 3 scrolls of enchant weapon
 l - a scroll of torment
 m - 3 scrolls of butterflies
 x - 2 scrolls of summoning
 y - 2 scrolls of magic mapping
 A - a scroll of noise
 L - a scroll of blinking {unknown}
Potions
 a - a potion of magic
 d - 4 potions of berserk rage
 e - 4 potions of flight
 j - 3 potions of curing
 o - a potion of resistance
 t - a potion of lignification
 w - 2 potions of might
 z - a potion of mutation
 D - a potion of brilliance {unknown}
 H - a potion of degeneration


   Skills:
 + Level 8.2 Fighting
 - Level 1.9 Dodging
 - Level 2.0 Stealth
 - Level 6.0 Spellcasting
 * Level 11.4 Conjurations
 - Level 1.7 Hexes
 + Level 1.3 Translocations
 - Level 5.0 Fire Magic
 + Level 4.5 Invocations
 - Level 5.0 Evocations


You couldn't memorise any spells.
You knew the following spells:

 Your Spells              Type           Power      Damage    Failure   Level
a - Magic Dart            Conj           100%       1d8       1%          1
b - Searing Ray           Conj           100%       2d8       1%          2
c - Dazzling Flash        Conj/Hex       70%        N/A       1%          3
d - Flame Wave            Conj/Fire      42%        2d11      3%          4
e - Fulminant Prism       Conj/Hex       17%        3d10      6%          4
f - Momentum Strike       Conj/Tloc      68%        3d9       1%          2
g - Blink                 Tloc           24%        N/A       8%          2
h - Inner Flame           Hex/Fire       21%        N/A       7%          3

Your spell library contained the following spells:

 Spells                   Type           Power      Damage    Failure   Level
 Sticky Flame             Conj/Fire      42%        2d6       3%          4
 Mephitic Cloud           Conj/Pois/Air  23%        N/A       6%          3
 Iskenderun's Mystic Bla  Conj/Tloc      34%        2d8       7%          4
 Call Imp                 Summ           6%         N/A       14%         2
 Cigotuvi's Dreadful Rot  Necr/Pois/Air  12%        N/A       14%         2
 Lesser Beckoning         Tloc           24%        N/A       16%         3
 Dispel Undead            Necr           6%         3d8       65%         4
 Alistair's Intoxication  Tmut/Pois      4%         N/A       94%         5
 Death Channel            Necr           3%         N/A       100%        6
 Eringya's Noxious Bog    Tmut/Pois      3%         N/A       100%        6
 Dragon Form              Tmut           3%         N/A       100%        7


Dungeon Overview and Level Annotations

Branches:
Dungeon (10/15)            Temple (1/1) D:5
   Lair: D:8-11         Orc: D:9-12

Altars:
Ashenzari
Cheibriados
Dithmenos
Elyvilon
Fedhas
Gozag
Hepliaklqana
Makhleb
Nemelex Xobeh
Okawaru
Qazlal
Ru
Sif Muna
Trog
Uskayaw
Vehumet
Xom
Yredelemnul
Zin
The Shining One

Shops:
D:3 :   D:5 [*   D:7 (

Annotations:
D:5 Eustachio


Innate Abilities, Weirdness & Mutations

You are a tree.
Your roots penetrate the ground, keeping you stationary.
You cannot be teleported.
You are immune to unholy pain and torment.
Your maximum health is greatly increased.
Your equipment is partially melded.
((You can breathe blasts of fire.))
((Your fiery red scales are hard. (AC +7)))
You cannot fit into any form of body armour.
((Your flesh is heat resistant. (rF+)))
((You are cold-blooded and may be slowed by cold attacks.))


Message History

Something bites you but does no damage.
Really quaff the potion of lignification?
Uppercase [Y]es or [N]o only, please.
Really quaff the potion of lignification?
You turn into a tree.
Your scarf of repulsion melds into your body.
Your +0 pair of gloves melds into your body.
Your +0 pair of boots melds into your body.
The haze of the repulsion field disappears.
Your roots penetrate the ground.
The shadow strikes at you from the darkness!
* * * LOW HITPOINT WARNING * * *
Reactivating autopickup.
The centaur unwields a +0 shortbow.
The centaur hits you but does no damage.
The centaur kicks you but does no damage.
Something hits you but does no damage.
Deactivating autopickup; reactivate with Ctrl-A.
Something bites you.
* * * LOW HITPOINT WARNING * * *
Something draws strength from your injuries!
An acid dragon comes into view.
Magic courses through your body.
The centaur seems to regain its courage.
The shadow slips into darkness.
The shadow flickers and vanishes!
The centaur hits you but does no damage.
The centaur kicks you but does no damage.
You hear some strange, mumbled words.
You are confused.
You feel better. The centaur hits you.
* * * LOW HITPOINT WARNING * * *
The centaur kicks you but does no damage.
The shadow strikes at you from the darkness!
* * * LOW HITPOINT WARNING * * *
Reactivating autopickup.
The centaur completely misses you.
The centaur kicks you but does no damage.
Something hits you!
You die...

#......#
####..##..#
...{..##..#
########......#
#.....c'oh..))#
#....z.######†##
....c...# ##..T#
..#..#.o# #†..hc##
...##....W..#.#$♣#
..# #..##.#.#.#W#
..
...##..#.#Y{##.# #
..###....)..##.#
###...####.# ####
#.. ..# #.# #.#


You could see a yak, a troll, a shadow, a centaur and a howler monkey.

Vanquished Creatures
  A troll (D:10)
  A hornet (D:8)
  Sigmund (D:3)
  2 wraiths (D:10)
  A shadow (D:10)
  7 yaks
  A steam dragon (D:9)
  2 vampire mosquitoes (D:10)
  Menkaure (D:5)
  An acid dragon (D:9)
  2 swamp worms (D:7)
  4 orc warriors
  2 hornet zombies (D:7)
  2 ice beasts
  2 black bears
  2 ogres (D:5)
  3 centaurs (D:9)
  2 kobold brigands (D:9)
  A gnoll sergeant (D:6)
  A bullfrog (D:7)
  2 necrophages (D:8)
  2 wyvern zombies (D:7)
  5 scorpions
  8 wights
  14 killer bees
  5 howler monkeys
  2 centaur zombies (D:7)
  5 hounds
  A gnoll bouda (D:5)
  8 orc priests
  Crazy Yiuf (D:5)
  Ijyb (D:5)
  5 iguanas
  4 orc wizards
  2 killer bee zombies (D:7)
  17 gnolls
  8 adders
  2 shadow imps
  A white imp (D:6)
  An ufetubus (D:6)
  A worm (D:2)
  5 dart slugs
  14 orcs
  8 ball pythons
  7 endoplasms
  4 giant cockroaches
  9 goblins
  10 hobgoblins
  10 kobolds
  A quokka (D:5)
  5 bats
  3 frilled lizards
  3 rats (D:1)
  A fulminant prism (D:7)
214 creatures vanquished.

Vanquished Creatures (others)
  A kobold (D:9)
  3 fulminant prisms
  15 plants
  A withered plant (D:7)
20 creatures vanquished.

Grand Total: 234 creatures vanquished

Notes
Turn   | Place    | Note
-------+----------+-------------------------------------------
     0 | D:1      | ratemal the Draconian Conjurer began the quest for the Orb.
     0 | D:1      | Reached XP level 1. HP: 14/14 MP: 3/3
   201 | D:1      | Reached XP level 2. HP: 20/20 MP: 3/5
   457 | D:1      | Learned a level 2 spell: Searing Ray
   717 | D:1      | Reached skill level 1 in Fighting
   717 | D:1      | Reached XP level 3. HP: 28/28 MP: 0/6
   721 | D:1      | Learned a level 3 spell: Dazzling Flash
  1642 | D:2      | Reached XP level 4. HP: 35/35 MP: 2/7
  2014 | D:2      | Identified the ring "Zilos" {rN++ EV+4 Int-3}
  2248 | D:3      | Noticed Sigmund
  2258 | D:3      | Killed Sigmund
  2259 | D:3      | Reached skill level 5 in Conjurations
  2259 | D:3      | Reached XP level 5. HP: 22/42 MP: 2/9
  2645 | D:3      | Got the Almanac of Poisonous Sculpting
  2757 | D:3      | Found Hulaant's Book Boutique.
  2901 | D:3      | Found a faded altar of an unknown god.
  3249 | D:4      | Reached XP level 6. HP: 50/50 MP: 5/10
  3307 | D:4      | Reached skill level 6 in Conjurations
  4068 | D:4      | Found a glowing silver altar of Zin.
  4159 | D:4      | Your scales start taking on a fiery red colour.
  4159 | D:4      | Reached XP level 7. HP: 57/57 MP: 3/12
  4159 | D:4      | Gained mutation: Your flesh is heat resistant. (rF+) [Red
                  | Draconian growth]
  4245 | D:4      | Found a radiant altar of Vehumet.
  4469 | D:4      | Reached skill level 7 in Conjurations
  4882 | D:5      | Entered Level 5 of the Dungeon
  4883 | D:5      | Found Gicuar's Armour Emporium.
  4886 | D:5      | Reached skill level 1 in Evocations
  5313 | D:5      | Found Foesaep's General Store.
  5465 | D:5      | Identified the +0 robe of the Other Side {Rampage rElec
                  | rPois Str-2}
  5581 | D:4      | Reached XP level 8. HP: 42/67 MP: 9/14
  5689 | D:5      | Noticed Eustachio
  5979 | D:5      | Reached skill level 5 in Fighting
  5979 | D:5      | Reached skill level 8 in Conjurations
  6052 | D:5      | Noticed Ijyb
  6055 | D:5      | Killed Ijyb
  6055 | D:5      | Noticed Menkaure
  6070 | D:5      | Killed Menkaure
  6071 | D:5      | Reached skill level 5 in Spellcasting
  6399 | D:5      | Found a runed translucent door.
  6400 | D:5      | Noticed Crazy Yiuf
  6471 | D:5      | Found a staircase to the Ecumenical Temple.
  6484 | Temple   | Entered the Ecumenical Temple
  6643 | Temple   | Became a worshipper of Sif Muna the Loreminder
  6756 | D:5      | Killed Crazy Yiuf
  6886 | D:6      | Found an iron altar of Okawaru.
  7628 | D:6      | Reached XP level 9. HP: 75/75 MP: 13/17
  7730 | D:6      | Learned a level 4 spell: Flame Wave
  7735 | D:6      | Learned a level 4 spell: Fulminant Prism
  8027 | D:6      | Reached skill level 9 in Conjurations
  8281 | D:7      | Found a sacrificial altar of Ru.
  8515 | D:7      | Found Kebimmuw's Antique Weapon Emporium.
  8570 | D:7      | Reached skill level 1 in Fire Magic
  9331 | D:7      | You fall into a shaft and drop 1 floor!
  9348 | D:7      | Reached * piety under Sif Muna
  9719 | D:7      | Reached skill level 1 in Hexes
  9894 | D:8      | Reached skill level 1 in Invocations
  9969 | D:8      | Reached skill level 10 in Conjurations
 10583 | D:8      | Reached XP level 10. HP: 75/84 MP: 11/19
 10598 | D:8      | Reached skill level 5 in Evocations
 11944 | D:9      | Found a snail-covered altar of Cheibriados.
 11944 | D:9      | Found an opulent altar of Gozag.
 11952 | D:9      | Found a shimmering altar of Xom.
 11955 | D:9      | Found a glowing golden altar of the Shining One.
 11957 | D:9      | Found a sparkling altar of Nemelex Xobeh.
 12067 | D:9      | Reached ** piety under Sif Muna
 12234 | D:10     | Entered Level 10 of the Dungeon
 12245 | D:10     | Reached skill level 11 in Conjurations
 12328 | D:10     | Found a shadowy altar of Dithmenos.
 12495 | D:10     | Noticed a boulder beetle
 12515 | D:10     | Learned a level 2 spell: Momentum Strike
 12518 | D:10     | Learned a level 2 spell: Blink
 12522 | D:10     | Learned a level 3 spell: Inner Flame
 12653 | D:10     | Reached skill level 1 in Translocations
 12653 | D:10     | Reached skill level 5 in Fire Magic
 12663 | D:10     | HP: 3/132 [something (5)]
 12665 | D:10     | Slain by a vampire

Illustrated notes

Levels and vault maps discovered:
D:1:      dpeg_arrival_subterranean_lakeside_camping, layout_rooms,
          minmay_tetromino_i4
D:2:      layout_basic
D:3:      layout_basic, serial_shops, shop, dilly_ecumenical_altar_fadedgnrine,
          nicolae_titane, uniq_sigmund
D:4:      layout_loops_corners, mainiacjoe_overflow_cross_hatched, zin_statuary,
          hangedman_minor_gate_pass
D:5:      layout_rooms, minmay_temple_entry_poolview, serial_shops,
          nicolae_shop_statue_plus, shop, uniq_eustachio, uniq_menkaure,
          uniq_ijyb, uniq_crazy_yiuf_cottage
D:6:      layout_loops_corners, mainiacjoe_overflow_alcove_4
D:7:      layout_loops_cross, mainiacjoe_overflow_catwalk, serial_undead,
          serial_undead_c, serial_undead_c, serial_undead_b, serial_undead_c,
          serial_shops, nicolae_shop_statue_plus, worms_lemuel
D:8:      layout_rooms
D:9:      layout_basic, chequers_temple_overflow_minitemple, st_stairs_8,
          corexii_leaking_fountain, eino_jars
D:10:     minmay_polygon_palace, layout_basic, nicolae_dithmenos_the_darkroom,
          nicolae_kikubaaqudgha_miasma_corner
Temple:   grunt_temple_mini_profane

Skill      XL: |  1  2  3  4  5  6  7  8  9 10 |
---------------+-------------------------------+-----
Stealth        | 2 |  2.0
Fighting       | 1 2 3 4 5 6 8 |  8.2
Spellcasting   | 3 4 5 6 |  6.0
Conjurations   | 5 6 7 8 10 11 | 11.4
Evocations     | 1 3 4 5 |  5.0
Fire Magic     | 2 5 |  5.0
Hexes          | 1 |  1.7
Invocations    | 1 4 |  4.5
Translocations | 1 |  1.3
Dodging        | |  1.9

Action                   |  1- 3 |  4- 6 |  7- 9 | 10-12 || total
-------------------------+-------+-------+-------+-------++-------
 Cast: Magic Dart        |    79 |    11 |     1 |     1 ||    92
       Searing Ray       |     3 |    37 |    82 |    29 ||   151
       Dazzling Flash    |       |       |     5 |     2 ||     7
       Fulminant Prism   |       |       |     2 |     2 ||     4
       Flame Wave        |       |       |       |     9 ||     9
       Blink             |       |       |       |     3 ||     3
Invok: Channel Magic     |       |       |       |     1 ||     1
 Abil: Breathe Fire      |       |       |    42 |    14 ||    56
Evoke: Wand              |       |       |     1 |     1 ||     2
  Use: Scroll            |     4 |     5 |     9 |     4 ||    22
       Potion            |     1 |     1 |     2 |     6 ||    10
Armor: Skin              |     1 |     5 |    40 |    26 ||    72
Dodge: Dodged            |     2 |     8 |    72 |    54 ||   136
       Repelled          |       |       |       |     1 ||     1

Table legend: (Time is in decaauts)
 A = Elapsed time spent in this place.
 B = Non-inter-level travel time spent in this place.
 C = Inter-level travel time spent in this place.
 D = Time resting spent in this place.
 E = Time spent auto-exploring this place.
 F = Levels seen in this place.
 G = Mean time per level.
                   A        B        C        D        E       F      G
               +--------+--------+--------+--------+--------+-----+--------+
         Total |  12666 |  11748 |    918 |   2702 |   7477 |  11 | 1151.5 |
       Dungeon |  12482 |  11592 |    890 |   2702 |   7324 |  10 | 1248.2 |
        Temple |    183 |    155 |     28 |      0 |    153 |   1 |  183.0 |
               +--------+--------+--------+--------+--------+-----+--------+

Top non-repeatable levels by time:
     D:4: 2329 daAuts
     D:7: 2027 daAuts
     D:6: 1460 daAuts
     D:1: 1227 daAuts
     D:3: 1078 daAuts
     D:5: 1067 daAuts
     D:9: 1036 daAuts
     D:2: 925 daAuts
     D:8: 900 daAuts
    D:10: 430 daAuts
  Temple: 183 daAuts
